 Dungeon Crawl Stone Soup version 0.31-a0-267-g3fc6992b3b (webtiles) character file.

Game seed: 12811387169898751415

81 qw the Shooter (level 4, 0/26 HPs)
             Began as a Gargoyle Hexslinger on July 14, 2023.
             Slain by an orc
             ... wielding a +0 flail
              (7 damage)
             ... on level 3 of the Dungeon.
             The game lasted 00:00:46 (1987 turns).

qw the Shooter (Gargoyle Hexslinger)                Turns: 1987, Time: 00:00:47

Health: 0/26       AC:  8    Str: 12    XL:     4   Next: 40%
Magic:  5/5        EV: 10    Int: 13    God:
Gold:   42         SH:  0    Dex: 14    Spells: 4/5 levels left

rFire   . . .        Y - +1 sling
rCold   . . .        (no shield)
rNeg    + . .        h - +0 ring mail
rPois   inf          (no helmet)
rElec   +            (no cloak)
rCorr   .            (no gloves)
SInv    .            (no boots)
Will    .....        (no amulet)
Stlth   +            (no ring)
HPRegen 0.24/turn    (no ring)
MPRegen 0.09/turn

%: no passive effects
@: no status effects
A: sickness immunity, AC +3, negative energy resistance 1, electricity
resistance, torment resistance 1, petrification resistance
a: no special abilities


You were on level 3 of the Dungeon.
You visited 1 branch of the dungeon, and saw 3 of its levels.

You collected 168 gold pieces.
You spent 126 gold pieces at shops.


Innate Abilities, Weirdness & Mutations

You are immune to sickness and miasma.
Your stone body is resilient. (AC +3)
You are immune to poison.
You resist negative energy. (rN+)
You are resistant to electric shocks. (rElec)
You are resistant to unholy torment.
You are immune to petrification.


   Skills:
 - Level 2.0 Fighting
 + Level 4.0 Ranged Weapons
 - Level 1.0 Armour
 - Level 1.5 Dodging
 - Level 1.0 Spellcasting
 - Level 2.6 Hexes


You had 4 spell levels left.
You knew the following spells:

 Your Spells              Type           Power      Damage    Failure   Level
a - Slow                  Hex            28%        N/A       22%         1

Your spell library contained the following spells:

 Spells                   Type           Power      Damage    Failure   Level
 Inner Flame              Hex/Fire       4%         N/A       73%         3
 Portal Projectile        Hex/Tloc       8%         N/A       73%         3
 Cause Fear               Hex            3%         N/A       91%         4

Inventory:

Hand Weapons
 Y - a +1 sling (weapon)
Armour
 h - a +0 ring mail (worn)
Scrolls
 a - a scroll of enchant weapon {unknown}
 d - a scroll of teleportation
 k - a scroll of identify
Potions
 b - a potion of heal wounds
 c - 2 potions of attraction {unknown}
 e - a potion of degeneration {unknown}
 f - a potion of haste {unknown}
 g - a potion of might {unknown}
 i - 3 potions of curing
 j - a potion of brilliance {unknown}

Dungeon Overview and Level Annotations

Branches:
Dungeon (3/15)

Altars:
Zin

Shops:
D:2 !


Message History

The orc barely misses you.
You shoot a sling bullet. The sling bullet hits the orc.
You kill the orc!
The orc hits you but does no damage.
You shoot a sling bullet. The sling bullet hits the orc.
The orc is moderately wounded.
You shoot a sling bullet.
The sling bullet hits the orc wizard but does no damage.
The frilled lizard bites you.
You shoot a sling bullet. The sling bullet hits the orc wizard.
The orc wizard is moderately wounded.
The frilled lizard barely misses you.
The orc wizard hits you with a +0 long sword.
The frilled lizard misses you.
You shoot a sling bullet.
The sling bullet closely misses the orc wizard.
The orc wizard hits you but does no damage.
The orc barely misses you. The frilled lizard bites you.
You shoot a sling bullet. The sling bullet hits the orc wizard.
The orc wizard is heavily wounded.
The orc wizard barely misses you. The orc barely misses you.
The frilled lizard closely misses you.
You shoot a sling bullet.
The sling bullet closely misses the orc wizard.
The frilled lizard bites you but does no damage.
The orc hits you with a +0 flail.
The orc wizard hits you with a +0 long sword.
The frilled lizard bites you but does no damage.
The orc barely misses you.
The orc wizard hits you with a +0 long sword.
You shoot a sling bullet.
The sling bullet closely misses the orc wizard.
The orc wizard barely misses you. The orc hits you with a +0 flail.
The frilled lizard misses you.
You shoot a sling bullet.
The sling bullet hits the orc wizard but does no damage.
The orc wizard is heavily wounded.
The orc wizard hits you with a +0 long sword.
The orc hits you with a +0 flail!
You die...

#.......#.# ###
#.......# # # #.#
#.......# # [[##.#
###..<### >... #...#
###.########...###..
#......##.........#
#####.#.##.##.........##
.......@o...............
..7777lo####...#...#####
...........##...#
###......#####...# #
##.###. ##.## # #. ##.
.# # ## '# ## # 7 #


You could see an orc wizard, an orc and a frilled lizard.

Vanquished Creatures
  2 adders
  A worm (D:2)
  4 dart slugs
  An orc (D:3)
  2 endoplasms
  6 goblins
  3 hobgoblins
  4 jackals (D:1)
  3 quokkas
  3 ball pythons
  6 bats
  2 frilled lizards (D:1)
  7 kobolds
  6 rats
50 creatures vanquished.

Notes
Turn   | Place    | Note
-------+----------+-------------------------------------------
     0 | D:1      | qw the Gargoyle Hexslinger began the quest for the Orb.
     0 | D:1      | Reached XP level 1. HP: 12/12 MP: 2/2
     0 | D:1      | 0 ||| qw: Version: 0.3-a-52-g30416fa
     0 | D:1      | 0 ||| qw: Game counter: 7814
     0 | D:1      | 0 ||| qw: Melee chars always use a shield: true
     0 | D:1      | 0 ||| qw: God list: Okawaru
     0 | D:1      | 0 ||| qw: Allow faded altars: false
     0 | D:1      | 0 ||| qw: Do Orc after clearing Dungeon:15 true
     0 | D:1      | 0 ||| qw: Do second Lair branch before Depths: true
     0 | D:1      | 0 ||| qw: Lair rune preference: random
     0 | D:1      | 0 ||| qw: Goals: Normal
     0 | D:1      | 0 ||| PLANNING D:1-11
   151 | D:1      | Reached XP level 2. HP: 16/16 MP: 3/3
   269 | D:1      | Reached skill level 3 in Ranged Weapons
   470 | D:1      | Reached XP level 3. HP: 11/21 MP: 4/4
   901 | D:1      | 901 ||| READING scroll labelled SOUXOR ZOVESUI.
   902 | D:1      | 902 ||| DROPPING scroll of poison.
  1069 | D:2      | Found a glowing silver altar of Zin.
  1157 | D:2      | HP: 1/21 [worm (5)]
  1450 | D:2      | Identified the +10 flail "Zelekhlir" {drain, rF+}
  1485 | D:2      | Reached skill level 4 in Ranged Weapons
  1485 | D:2      | Reached XP level 4. HP: 26/26 MP: 5/5
  1500 | D:2      | Found Wimimoss's Distillery.
  1503 | D:2      | 1503 ||| BUYING 2 potions of curing (84 gold).
  1503 | D:2      | Bought 2 potions of curing for 84 gold pieces
  1503 | D:2      | 1503 ||| BUYING potion of curing (42 gold).
  1503 | D:2      | Bought a potion of curing for 42 gold pieces
  1503 | D:2      | 1503 ||| SHOPLISTING potion of curing (42 gold, have 10).
  1503 | D:2      | 1503 ||| SHOPLISTING potion of enlightenment (70 gold, have
                  | 10).
  1503 | D:2      | 1503 ||| SHOPLISTING potion of heal wounds (70 gold, have
                  | 10).
  1503 | D:2      | 1503 ||| SHOPLISTING potion of might (56 gold, have 10).
  1503 | D:2      | 1503 ||| SHOPLISTING potion of mutation (112 gold, have
                  | 10).
  1546 | D:2      | 1546 ||| UPGRADING to +0 ring mail.
  1556 | D:2      | 1556 ||| DROPPING +0 robe.
  1557 | D:2      | 1557 ||| READING scroll labelled EXORO TASKASOM.
  1558 | D:2      | 1558 ||| READING 2 scrolls labelled GIOZON FYODE.
  1562 | D:2      | 1562 ||| DRINKING 2 grey potions.
  1563 | D:2      | 1563 ||| DRINKING 2 emerald potions.
  1609 | D:2      | 1609 ||| DROPPING potion of lignification.
  1809 | D:3      | Reached skill level 1 in Armour
  1987 | D:3      | Slain by an orc

Levels and vault maps discovered:
D:1:      amcnicky_arrival_abandoned_market, layout_loops_ring
D:2:      layout_rooms, serial_shops, nicolae_shop_behind_doors, basic_altar,
          minmay_pentomino_w2
D:3:      layout_loops_cross, mainiacjoe_overflow_boulevard,
          serial_co_window_serial, co_window_corner_a, co_window_corner_a,
          co_window_paths_a, co_window_corner_a, co_window_paths_a,
          co_window_of_opportunity_b, co_window_2corner, co_window_2corner,
          co_window_cross_3, co_window_4corner_a, co_window_4corner_b,
          kennysheep_generic_room_16

Skill      XL: |  1  2  3  4 |
---------------+-------------+-----
Ranged Weapons | 3 4 |  4.0
Fighting       | 2 |  2.0
Armour         | 1 |  1.0
Dodging        | |  1.5
Spellcasting   | |  1.0
Hexes          | |  2.6

Action                     |  1- 3 |  4- 6 || total
---------------------------+-------+-------++-------
   Fire: Sling             |   171 |    41 ||   212
    Use: Scroll            |     1 |     2 ||     3
         Potion            |       |     2 ||     2
 Armour: Robe              |    31 |       ||    31
         Ring mail         |       |    21 ||    21
  Dodge: Dodged            |    73 |    22 ||    95

Table legend:
 A = Non-vault XP
 B = Vault XP
 C = Vault XP percentage of total XP
 D = Non-vault monster count
 E = Vault monster count
 F = Vault count percentage of total count
                 A         B        C        D         E       F
            +---------+---------+-------+---------+---------+-------
      Total |     111 |       5 |   4.3 |      48 |       2 |   4.0
            +---------+---------+-------+---------+---------+-------
        D:1 |      45 |       0 |   0.0 |      27 |       0 |   0.0
        D:2 |      42 |       5 |  10.6 |      14 |       2 |  12.5
        D:3 |      24 |       0 |   0.0 |       7 |       0 |   0.0
            +---------+---------+-------+---------+---------+-------
